 Dungeon Crawl Stone Soup version 0.25-a0-424-g80bd347ae0 (webtiles) character file.

Game seed: 549263329161539464, levelgen mode: deterministic

1105 ChaosChampion the Sneak (level 8, -7/51 HPs)
             Began as an Octopode Transmuter on Jan 23, 2020.
             Was an Initiate of Ru.
             Shot with an arrow by a centaur (9 damage)
             ... on level 5 of the Dungeon.
             The game lasted 00:14:43 (4879 turns).

ChaosChampion the Sneak (Octopode Transmuter)       Turns: 4879, Time: 00:14:43

Health: -7/51      AC:  2    Str: 10    XL:     8   Next: 32%
Magic:  10/14      EV: 14    Int: 17    God:    Ru [......]
Gold:   251        SH:  0    Dex: 12    Spells: 9/15 levels left

rFire    x . .     SeeInvis .     - Unarmed
rCold    + . .     Gourm    .   (no shield)
rNeg     . . .     Faith    .   n - +1 hat
rPois    .         Spirit   .   (no amulet)
rElec    .         Reflect  .   g - ring of ice
rCorr    .         Harm     .   (no ring)
MR       .....                  (no ring)
Stlth    ++++......             (no ring)
HPRegen  0.17/turn              (no ring)
MPRegen  0.14/turn              (no ring)
                                (no ring)
                                (no ring)

@: flying, very slightly contaminated
A: almost no armour, stealthy swim, amphibious, 8 rings, constrict 8, camouflage
1, gelatinous body 1
a: Renounce Religion


You were on level 5 of the Dungeon.
You worshipped Ru.
Ru was noncommittal.
You were not hungry.

You visited 1 branch of the dungeon, and saw 5 of its levels.

You collected 251 gold pieces.

Inventory:

Hand Weapons
 m - a +0 dagger of draining
 q - a +2 dagger of venom
Missiles
 a - 3 arrows
 l - 12 poisoned darts (quivered)
Armour
 n - a +1 hat (worn)
Jewellery
 g - a ring of ice (left tentacle)
Wands
 b - a wand of iceblast (12)
 d - a wand of random effects (13)
Scrolls
 e - 4 scrolls of remove curse
 h - 5 scrolls of identify
 o - a scroll of teleportation
Potions
 f - a potion of might
 j - 3 potions of curing
 k - a potion of magic
Comestibles
 c - 10 rations


   Skills:
 + Level 2.9 Fighting
 + Level 3.4 Dodging
 * Level 5.5 Stealth
 * Level 5.4 Unarmed Combat
 * Level 4.3 Spellcasting
 * Level 4.6 Transmutations


You had 9 spell levels left.
You knew the following spells:

 Your Spells              Type           Power        Failure   Level  Hunger
a - Beastly Appendage     Tmut           ###...       2%          1    None
b - Sticks to Snakes      Tmut           ###.....     3%          2    ##.....
c - Spider Form           Tmut/Pois      ##........   19%         3    ###....

Your spell library contained the following spells:

 Spells                   Type           Power        Failure   Level  Hunger
 Ice Form                 Ice/Tmut       ###.....     52%         4    ####...
 Blade Hands              Tmut           ###.......   54%         5    ######.


Dungeon Overview and Level Annotations

Branches:
Dungeon (5/15)
 Temple: D:4-7

Altars:
Dithmenos
Hepliaklqana
Okawaru
Ru
Vehumet
Wu Jian
Yredelemnul
Zin
The Shining One

Shops:
D:4 (


Innate Abilities, Weirdness & Mutations

You cannot wear most types of armour.
You are very stealthy in the water. (Stealth+)
You are amphibious.
You can wear up to eight rings at the same time.
You can use your tentacles to constrict eight enemies at once.
Your skin changes colour to match your surroundings (Stealth+).
Your rubbery body absorbs attacks. (AC +1, EV +1)


Message History

The orc misses you.
Throwing (i - inventory)
l - 12 poisoned darts (quivered)
Press: ? - help, Shift-Dir - straight line, f - adder
Aim: an adder
Okay, then.
You closely miss the adder. You grab the adder. You constrict the orc.
You kill the orc!
You constrict the adder. The adder completely misses you.
Your adder closely misses the adder.
You tentacle-slap the adder. You squeeze the adder.
You kill the adder!
You tentacle-slap the centaur.
The centaur is lightly wounded.
The centaur unwields a +0 shortbow.
The centaur hits you.
* * * LOW HITPOINT WARNING * * *
The centaur wields a +0 shortbow.
The centaur shoots an arrow.
The arrow barely misses you.
Your adder bites the centaur.
The centaur is poisoned.
Your adder poisons the centaur!
The centaur shoots an arrow.
The arrow hits you!
You die...

## #. ######## #.
......# #. ......# #.
.....# ###. #
#.##.#########... #.
###†##.##.......<.[
#..###.@.S.....##....##[
#......##c#..###..#####.
#.#.#...(Z.......## #.
...............### #.
....#..Z.†.....# ##
####..........# #
#.).[......#
.............#
...#.#######..##


You could see a centaur and a friendly adder.

Vanquished Creatures
  Grinder (D:3)
  A sky beast (D:4)
  2 phantoms (D:4)
  An ogre (D:5)
  A water moccasin skeleton (D:4)
  3 hounds (D:4)
  A jelly (D:4)
  An orc priest (D:4)
  2 orc wizards (D:5)
  Jessica (D:2)
  A worker ant (D:4)
  A statue (D:4)
  Robin (D:3)
  A howler monkey zombie (D:4)
  13 adders
  2 worms
  A leopard gecko (D:4)
  9 orcs
  6 giant cockroaches
  13 goblins
  4 hobgoblins
  7 jackals (D:1)
  A ball python (D:4)
  4 bats
  4 frilled lizards
  6 kobolds
  A quokka skeleton (D:2)
  11 rats
100 creatures vanquished.

Vanquished Creatures (collateral kills)
  An orc priest (D:4)
  2 orcs
3 creatures vanquished.

Grand Total: 103 creatures vanquished

Notes
Turn   | Place    | Note
-------+----------+-------------------------------------------
     0 | D:1      | ChaosChampion the Octopode Transmuter began the quest for
                  | the Orb.
     0 | D:1      | Reached XP level 1. HP: 13/13 MP: 3/3
    36 | D:1      | Reached XP level 2. HP: 15/18 MP: 5/5
    40 | D:1      | Learned a level 2 spell: Sticks to Snakes
   619 | D:1      | Reached XP level 3. HP: 21/23 MP: 3/6
   624 | D:1      | Learned a level 3 spell: Spider Form
   797 | D:2      | Reached skill level 1 in Stealth
   963 | D:2      | Noticed Jessica
   979 | D:2      | Reached XP level 4. HP: 8/28 MP: 0/7
  1050 | D:2      | Killed Jessica
  1083 | D:2      | Found an ornate altar of the Wu Jian Council.
  1532 | D:2      | Reached XP level 5. HP: 13/33 MP: 5/9
  1803 | D:3      | Noticed Robin
  2145 | D:3      | Noticed Grinder
  2157 | D:3      | Paralysed by Grinder for 7 turns
  2161 | D:3      | Killed Grinder
  2161 | D:3      | Reached XP level 6. HP: 7/39 MP: 4/10
  2572 | D:3      | Found an iron altar of Okawaru.
  2690 | D:3      | Killed Robin
  2833 | D:3      | Found a hazy altar of Hepliaklqana.
  2848 | D:3      | Found a glowing golden altar of the Shining One.
  2850 | D:3      | Found a basalt altar of Yredelemnul.
  2857 | D:3      | Found a shadowy altar of Dithmenos.
  2861 | D:3      | Found a glowing silver altar of Zin.
  3245 | D:4      | Reached XP level 7. HP: 34/45 MP: 5/12
  3375 | D:4      | Found a sacrificial altar of Ru.
  3592 | D:4      | Became a worshipper of Ru the Awakened
  3616 | D:4      | Found Wetagaxt's Antique Weapon Boutique.
  3738 | D:4      | Found a radiant altar of Vehumet.
  4153 | D:4      | Reached skill level 5 in Unarmed Combat
  4539 | D:5      | Entered Level 5 of the Dungeon
  4561 | D:4      | Reached skill level 5 in Stealth
  4561 | D:4      | Reached XP level 8. HP: 16/51 MP: 2/14
  4878 | D:5      | HP: 1/51 [centaur (3)]
  4879 | D:5      | Shot with an arrow by a centaur

Levels and vault maps discovered:
D:1:      minmay_arrival_diagonal_passages, layout_loops_ring
D:2:      layout_loops_ring, lemuel_round_altar, first_ration, uniq_jessica
D:3:      layout_loops_ring, overflow_temple_1_default, minitemple, uniq_robin,
          uniq_grinder
D:4:      layout_cave_pods, lemuel_doored_altar, vehumet_statue, serial_shops,
          nicolae_shop_crystal
D:5:      layout_rooms, minmay_temple_entry_slanted

Skill      XL: |  1  2  3  4  5  6  7 |
---------------+----------------------+-----
Stealth        | 1 2 3 5 |  5.5
Unarmed Combat | 4 5 |  5.4
Fighting       | 2 |  2.9
Spellcasting   | 3 4 |  4.3
Transmutations | 3 4 |  4.6
Dodging        | 3 |  3.4

Action                   |  1- 3 |  4- 6 |  7- 9 || total
-------------------------+-------+-------+-------++-------
Melee: Unarmed           |    76 |   107 |   101 ||   284
       Kick              |     5 |       |     1 ||     6
       Constrict         |    14 |     8 |     5 ||    27
       Tentacles         |    11 |     8 |     8 ||    27
       Punch             |     1 |     1 |       ||     2
 Cast: Beastly Appendage |    10 |       |     2 ||    12
       Spider Form       |     5 |    12 |    12 ||    29
       Sticks to Snakes  |       |     2 |    17 ||    19
  Use: Potion            |       |     1 |     3 ||     4
       Scroll            |       |       |     9 ||     9
 Stab: Sleeping          |     6 |     6 |     1 ||    13
  Eat: Chunk             |       |     5 |     7 ||    12
       Ration            |       |     1 |     1 ||     2
Armor: Skin              |     7 |     7 |     4 ||    18
Dodge: Dodged            |    42 |    58 |    85 ||   185

Table legend:
 A = Non-vault XP
 B = Vault XP
 C = Vault XP percentage of total XP
 D = Non-vault monster count
 E = Vault monster count
 F = Vault count percentage of total count
                 A         B        C        D         E       F
            +---------+---------+-------+---------+---------+-------
      Total |    1201 |     378 |  23.9 |      89 |      14 |  13.6
            +---------+---------+-------+---------+---------+-------
        D:1 |      38 |       0 |   0.0 |      23 |       0 |   0.0
        D:2 |      99 |      39 |  28.3 |      20 |       2 |   9.1
        D:3 |      63 |     310 |  83.1 |      13 |      11 |  45.8
        D:4 |     779 |      29 |   3.6 |      26 |       1 |   3.7
        D:5 |     222 |       0 |   0.0 |       7 |       0 |   0.0
            +---------+---------+-------+---------+---------+-------
